 Dungeon Crawl Stone Soup version 0.21.1-1-g345015fe64 (webtiles) character file.

21 Htamos the Skirmisher (level 3, 0/30 HPs)
             Began as a Formicid Abyssal Knight on June 10, 2018.
             Was an Initiate of Lugonu.
             Slain by a worker ant (7 damage)
             ... on level 2 of the Dungeon.
             The game lasted 00:05:46 (1069 turns).

Htamos the Skirmisher (Formicid Abyssal Knight)     Turns: 1069, Time: 00:05:47

Health: 0/30       AC:  3    Str: 16    XL:     3   Next: 2%
Magic:  4/4        EV: 11    Int: 11    God:    Lugonu [......]
Gold:   65         SH:  0    Dex: 11    Spells: 2/2 levels left

rFire    . . .     SeeInvis +   a - +1 mace
rCold    . . .     Gourm    .   (no shield)
rNeg     . . .     Faith    .   b - +0 leather armour
rPois    .         Spirit   .   (helmet unavailable)
rElec    .         Reflect  .   (no cloak)
rCorr    .         Harm     .   (no gloves)
MR       .....                  (no boots)
Stlth    +.........             (no amulet)
HPRegen  0.10/turn              (no ring)
MPRegen  0.09/turn              (no ring)

@: lethally poisoned (0 -> -7)
A: permanent stasis, dig shafts and tunnels, four strong arms, antennae 3
a: Dig, Shaft Self, Renounce Religion


You were on level 2 of the Dungeon.
You worshipped Lugonu.
Lugonu was noncommittal.
You were not hungry.

You visited 1 branch of the dungeon, and saw 2 of its levels.
You visited the Abyss 1 time.

You collected 65 gold pieces.

Inventory:

Hand Weapons
 a - a +1 mace (weapon)
Missiles
 d - 44 bolts
 g - 36 stones (quivered)
Armour
 b - a +0 leather armour (worn)
Scrolls
 e - a scroll of blinking {unknown}
 i - 2 scrolls of identify
Potions
 f - 2 potions of curing
 h - a potion of berserk rage {unknown}
Comestibles
 c - 3 rations


   Skills:
 + Level 3.9 Fighting
 + Level 2.1 Maces & Flails
 * Level 2.4 Armour
 - Level 1.0 Dodging
 * Level 0.8 Stealth
 - Level 2.2 Invocations


You had 2 spell levels left.
You didn't know any spells.

Dungeon Overview and Level Annotations

Branches:
Dungeon (2/15)

Altars:
Xom


Innate Abilities, Weirdness & Mutations

You cannot be hasted, slowed, berserked, paralysed or teleported.
You can dig through walls and to a lower floor.
Your four strong arms can wield two-handed weapons with a shield.
You have a pair of large antennae on your head. (SInv)


Message History

HP restored.
e - a scroll labeled VYHOHE BUONAI
Found a stone staircase leading down.
Found a dagger.
Eating a chunk of flesh.
You eat the chunk of flesh.
This raw flesh tastes terrible.
You sense a monster nearby.
A worker ant comes into view.
Found 14 gold pieces.
The worker ant twitches its antennae in your direction.
The worker ant bites you.
You barely miss the worker ant. The worker ant bites you. x2
You closely miss the worker ant. The worker ant bites you.
* * * LOW HITPOINT WARNING * * *
You are lethally poisoned!
The worker ant poisons you!
You closely miss the worker ant.
* * * LOW HITPOINT WARNING * * *
You feel sick. The worker ant bites you!
You die...

#.#########.** *,,
#...........,* *,,
#...........,* *,,
#...........,******,,
#.##........,,,,,,,,,
#.##########*******,,
#.# ***********,,
#.#######...,,,,,,,,,
*#...@a......,,,,,,,,,
#...######...,,,,,,,,,
#...#*,,,,,{,<,,,,,,,,
#...#*,***,,,,,,,,,,,,
#...#*{* *****,*****+*
#...#*,* *,* ***,*
#...#*,* *,* *,,,,
#...#*,* *,* *,*,*
***,,,**,*******,*
*,*,*


You could see a worker ant.

Vanquished Creatures
  A dart slug (D:1)
  2 giant cockroaches (D:1)
  5 goblins
  A hobgoblin (D:1)
  2 jackals (D:1)
  A bat (D:2)
  A frilled lizard (D:2)
  2 kobolds
  3 rats (D:1)
18 creatures vanquished.

Notes
Turn   | Place    | Note
-------+----------+-------------------------------------------
     0 | Abyss:1  | Htamos the Formicid Abyssal Knight began the quest for the Orb.
     0 | Abyss:1  | Reached XP level 1. HP: 18/18 MP: 2/2
    65 | Abyss:1  | Noticed a wretched star
    67 | D:1      | Escaped the Abyss
    97 | D:1      | Reached skill level 1 in Dodging
   147 | D:1      | Reached XP level 2. HP: 21/24 MP: 3/3
   987 | D:2      | Found a shimmering altar of Xom.
   995 | D:2      | Reached XP level 3. HP: 28/30 MP: 4/4
  1069 | D:2      | Slain by a worker ant

Skill      XL: |  1 |
---------------+----+-----
Dodging        | 1 |  1.0
Fighting       | |  3.9
Maces & Flails | |  2.1
Armour         | |  2.4
Stealth        | |  0.8
Invocations    | |  2.2

Action                   || total
-------------------------++-------
Melee: Mace              ||    66
Invok: Depart the Abyss  ||     1
  Use: Scroll            ||     3
       Potion            ||     1
  Eat: Chunk             ||     1
Armor: Leather armour    ||    40
Dodge: Dodged            ||    62
